 Dungeon Crawl Stone Soup version 0.31-a0-816-gd61d57ddb1 (webtiles) character file.

Game seed: 16497061409019979470

74 Dirtsage the Chopper (level 4, 31/35 HPs)
             Began as a Demonspawn Fighter on Sept 22, 2023.
             Quit the game on level 2 of the Dungeon.
             The game lasted 00:01:26 (1056 turns).

Dirtsage the Chopper (Demonspawn Fighter)           Turns: 1056, Time: 00:01:27

Health: 31/35      AC:  6    Str: 18    XL:     4   Next: 10%
Magic:  4/4        EV:  9    Int: 10    God:
Gold:   100        SH:  8    Dex: 12    Spells: 3/3 levels left

rFire   . . .        a - +0 war axe
rCold   . . .        c - +0 buckler
rNeg    . . .        b - +0 scale mail
rPois   .            (no helmet)
rElec   .            (no cloak)
rCorr   .            (no gloves)
SInv    +            (no boots)
Will    .....        (no amulet) Stlth
                     S - ring of see invisible
HPRegen 0.25/turn    (no ring)
MPRegen 0.09/turn

%: no passive effects
@: no status effects
A: condensation shield, demonic magic 1
a: no special abilities


You were on level 2 of the Dungeon.
You visited 1 branch of the dungeon, and saw 2 of its levels.

You collected 100 gold pieces.

Inventory:

Hand Weapons
 a - a +0 war axe (weapon)
Armour
 b - a +0 scale mail (worn)
 c - a +0 buckler (worn)
Jewellery
 S - a ring of see invisible (left hand)
Scrolls
 e - a scroll of enchant weapon {unknown}
 f - 3 scrolls of identify {unknown}
 g - a scroll of amnesia {unknown}
 h - a scroll of blinking {unknown}
Potions
 d - a potion of might


   Skills:
 - Level 3.0 Fighting
 + Level 4.0 Axes
 - Level 2.6 Armour
 - Level 2.6 Shields


You had 3 spell levels left.
You didn't know any spells.
Your spell library was empty.

Dungeon Overview and Level Annotations

Branches:
Dungeon (2/15)

Altars:


Innate Abilities, Weirdness & Mutations

A meltable shield of frost defends you. (SH +4)
Spells you cast may paralyse adjacent enemies.


Message History

You block the adder's attack.
Health restored: 29 You slash the adder!
You kill the adder!
No target in view!
No target in view!
Found a stone staircase leading down.
You now have 100 gold pieces (gained 9).
A worm comes into view.
Found a stone staircase leading down.
You slash the worm!
The worm is severely wounded.
The worm closely misses you.
You hit the worm.
You kill the worm!
No target in view!
You see here a +0 ring mail.
An adder comes into view.
The adder hisses angrily.
You block the adder's attack.
You slash the adder!
The adder is almost dead.
You block the adder's attack.
You barely miss the adder.
The adder is almost dead.
You block the adder's attack. The adder bites you.
You take 1 damage, and have 28/29 hp.
You miss the adder.
The adder is almost dead.
You block the adder's attack. The adder bites you.
You take 2 damage, and have 26/29 hp.
You hit the adder.
You kill the adder!
Your Axes skill increases to level 4!
You have reached level 4!
You feel clever.
Your demonic ancestry asserts itself...
A menacing aura infuses your magic.
You regained 5 hp, and now have 31/35 hp.
MP restored: 4 Are you sure you want to abandon this character and quit the game? (Confirm with "yes".)

########........# ####.
#.............## #....
#.#####.#.....# #.### ##.#
#.#.....# ##.# #
########..#####.#.....# #..###
.............##.#.....######.###.
#######.####.................##..
# ##..######.###...............
##...........@.)#.†...........
####...#....#.###......###.......
#....†......#.##..###............
#...........#....######..#.......
#...........#.#####......#.......
..............##....###.#########
#...........÷....#### #.##
####.###....#.#### #..# #..#
#....#.# ##.#


There were no monsters in sight!

Vanquished Creatures
  3 adders (D:2)
  4 worms (D:2)
  3 bats
  3 endoplasms
  2 giant cockroaches
  2 goblins
  6 hobgoblins
  3 ball pythons (D:1)
  4 frilled lizards
  5 kobolds
  3 rats
38 creatures vanquished.

Notes
Turn   | Place    | Note
-------+----------+-------------------------------------------
     0 | D:1      | Dirtsage the Demonspawn Fighter began the quest for the
                  | Orb.
     0 | D:1      | Reached XP level 1. HP: 18/18 MP: 1/1
    84 | D:1      | Reached skill level 2 in Axes
   211 | D:1      | Gained mutation: A meltable shield of frost defends you.
                  | (SH +4) [demonic ancestry]
   211 | D:1      | Reached XP level 2. HP: 24/24 MP: 2/2
   564 | D:2      | Reached skill level 3 in Axes
   611 | D:2      | Reached XP level 3. HP: 25/29 MP: 3/3
  1056 | D:2      | Reached skill level 4 in Axes
  1056 | D:2      | Gained mutation: Spells you cast may paralyse adjacent
                  | enemies. [demonic ancestry]
  1056 | D:2      | Reached XP level 4. HP: 31/35 MP: 4/4
  1056 | D:2      | Quit the game

Illustrated notes

Levels and vault maps discovered:
D:1:      saegor_arrival_simple_d, layout_rooms
D:2:      layout_rooms

Skill      XL: |  1  2  3 |
---------------+----------+-----
Axes           | 2 3 4 |  4.0
Fighting       | |  3.0
Armour         | |  2.6
Shields        | |  2.6

Action                     |  1- 3 |  4- 6 || total
---------------------------+-------+-------++-------
  Melee: War axe           |    93 |       ||    93
 Armour: Scale mail        |    43 |       ||    43
  Dodge: Dodged            |    31 |       ||    31
  Block: Buckler           |    32 |       ||    32

Table legend: (Time is in decaauts)
 A = Elapsed time spent in this place.
 B = Non-inter-level travel time spent in this place.
 C = Inter-level travel time spent in this place.
 D = Time resting spent in this place.
 E = Time spent auto-exploring this place.
 F = Levels seen in this place.
 G = Mean time per level.
                   A        B        C        D        E       F      G
               +--------+--------+--------+--------+--------+-----+--------+
         Total |   1092 |   1088 |      4 |     53 |    806 |   2 |  546.0 |
       Dungeon |   1092 |   1088 |      4 |     53 |    806 |   2 |  546.0 |
               +--------+--------+--------+--------+--------+-----+--------+

Top non-repeatable levels by time:
     D:1: 576 daAuts
     D:2: 515 daAuts
